Map: [ESL] Data-C

Players

ForJumy

  • Race: Protoss Protoss
  • Spawn Location: 3:00

MaNa - Winner!

  • Race: Protoss Protoss
  • Spawn Location: 9:00

Event: DreamHack SC2 Masters 2022 Valencia

VOD

Have the link to the VOD?

Description

Time

  • Played on: July 1, 2022, 4:59 p.m.
  • Length: 5:23

All games in this series

Show
View Real Time Build Order
Export as new Build Order

ForJumy Protoss 

Build Orders: 1 Gate Expand 

Get SALT Encoding   

  12  0:00  Probe  
  13  0:12  Probe  
  14  0:18  Pylon  
  14  0:24  Probe  
  15  0:36  Gateway  
  15  0:38  Probe  
  16  0:50  Probe  
  17  1:11  Nexus  
  17  1:15  Probe  
  18  1:20  Assimilator  
  18  1:30  Cybernetics Core  
  18  1:33  Probe  
  19  1:45  Pylon, Probe  
  20  1:58  Probe  
  20  1:59  Pylon  
  21  2:07  Stalker  
  23  2:10  Probe  
  24  2:18  Gateway  
  24  2:20  Warp Gate (Chrono Boost)  
  24  2:28  Probe x2 (Chrono Boost)  
  27  2:37  Probe (Chrono Boost)  
  27  2:40  Probe  
  27  2:49  Gateway  
  27  2:50  Probe (Chrono Boost), Gateway  
  28  2:53  Probe (Chrono Boost)  
  29  3:00  Gateway  
  30  3:06  Probe (Chrono Boost)  
  30  3:07  Assimilator  
  30  3:17  Pylon  
  30  3:25  Probe  
  31  3:45  Probe x2  
  31  3:47  Stalker  
  35  3:48  Stalker x2  
  35  3:54  Stalker  
  41  3:57  Probe  
  41  3:58  Probe  
  43  4:05  Stalker, Pylon  
  45  4:12  Stalker x2  
  49  4:19  Stalker  
  49  4:22  Pylon  
  51  4:34  Stalker  
  53  4:38  Stalker  
  53  4:45  Stalker  
  53  4:51  Stalker  
  51  4:55  Probe x2  
  51  4:59  Zealot  
  55  5:03  Adept x2  
  59  5:09  Probe  
  59  5:10  Assimilator  
  59  5:11  Probe  
  61  5:16  Twilight Council  
  61  5:19  Zealot x2  
Show
View Real Time Build Order
Export as new Build Order

MaNa Protoss - Winner!

Build Orders: 1 Gate Expand, Phoenix Opening, Dark Templar Rush 

Get SALT Encoding   

  12  0:00  Probe  
  13  0:12  Probe  
  14  0:19  Pylon  
  14  0:24  Probe (Chrono Boost)  
  15  0:38  Probe (Chrono Boost), Gateway  
  16  0:46  Probe (Chrono Boost)  
  16  0:48  Assimilator  
  17  0:52  Probe  
  18  1:04  Probe  
  19  1:16  Probe  
  20  1:25  Cybernetics Core  
  21  1:34  Nexus  
  21  1:38  Probe  
  21  1:44  Assimilator  
  21  1:50  Probe  
  22  1:54  Pylon  
  22  2:02  Probe  
  22  2:03  Warp Gate  
  23  2:11  Stalker (Chrono Boost)  
  23  2:14  Probe  
  26  2:25  Gateway  
  26  2:27  Probe  
  27  2:36  Stalker  
  29  2:41  Probe  
  30  2:48  Probe (Chrono Boost)  
  31  2:54  Probe (Chrono Boost)  
  31  2:56  Twilight Council  
  31  3:01  Probe (Chrono Boost)  
  33  3:06  Probe (Chrono Boost)  
  33  3:07  Shield Battery  
  33  3:09  Probe (Chrono Boost)  
  33  3:11  Probe (Chrono Boost)  
  35  3:13  Sentry  
  35  3:15  Probe (Chrono Boost)  
  38  3:20  Probe  
  39  3:27  Probe  
  39  3:32  Probe  
  39  3:33  Dark Shrine  
  41  3:39  Probe  
  41  3:40  Pylon  
  42  3:44  Probe  
  43  3:49  Phoenix  
  43  3:51  Probe, Assimilator  
  43  3:53  Pylon  
  44  3:59  Stalker  
  44  4:00  Probe  
  47  4:03  Probe  
  48  4:11  Gateway  
  48  4:13  Stalker  
  52  4:22  Cybernetics Core  
  52  4:23  Stalker  
  52  4:29  Shield Battery  
  52  4:30  Shield Battery  
  50  4:35  Shield Battery  
  50  4:36  Stalker  
  51  4:42  Pylon  
  51  4:49  Dark Templar  
  53  4:59  Gateway  
  53  5:00  Pylon  
  53  5:07  Pylon  
  53  5:11  Pylon x2  
  53  5:20  Dark Templar  

Tags
 
Add a new tag
Caveats
  • Supply blocks, unpowered buildings, or Contaminate may cause inaccurate times.
  • Supply counts are checked every 10 seconds.